[Event "*** Titled Tuesday Blitz"]
[Site "Chess.com"]
[Date "2021.04.06"]
[Round "11"]
[White "xozr"]
[Black "LileKoridze"]
[Result "1-0"]
[WhiteElo "2376"]
[BlackElo "2439"]
[TimeControl "180+1"]
[EndTime "12:06:22 PDT"]
[Termination "xozr won by resignation"]

1. e4 c5 2. Nf3 d6 3. d4 cxd4 4. Nxd4 Nf6 5. Nc3 Nc6 6. Bg5 e6 7. Qd2 a6 8. O-O-O Bd7 9. f4 b5 10. Bxf6 gxf6 11. Nxc6 Bxc6 12. Bd3 Qb6 13. Rhf1 O-O-O 14. f5 h5 15. Kb1 Bh6 16. Qe2 b4 17. Bxa6+ Kb8 18. Rf3 Ka7 19. Qc4 Qxa6 20. Qxb4 Rb8 21. Qxd6 Rhd8 22. Qe7+ Qb7 23. Qxb7+ Kxb7 24. Rxd8 Rxd8 25.
fxe6 fxe6 26. Rxf6 Bg7 27. Rxe6 Rd2 28. Re7+ Rd7 29.
Rxd7+ Bxd7 30. Nd5 Be5 31. g3 Bg4 32. Nf4 Bf3 33.
Nd3 Bd4 34. e5 Bd5 35. Nf4 Bf7 36. e6 Be8 37. c4 Bg1 38. h3 Bh2 39. Ne2 Kc6 40.
Kc2 Kd6 41. Kd3 Kxe6 42. Ke4 Bg6+ 43. Kf4 Bd3 44. Nd4+ Kd6 45. Nf3 Bxg3+ 46. Kxg3 Bxc4 47. b3 Bd3 48. Kh4 Bb1 49. Kxh5 Bxa2 50. Nd2 Ke7 51.
Kg6 Bb1+ 52. Nxb1 1-0

[Event "*** Titled Tuesday Blitz"]
[Site "Chess.com"]
[Date "2021.04.06"]
[Round "11"]
[White "ellennilssen"]
[Black "suneebaker"]
[Result "0-1"]
[WhiteElo "2207"]
[BlackElo "2129"]
[TimeControl "180+1"]
[EndTime "12:06:22 PDT"]
[Termination "suneebaker won by resignation"]

1. c4 e6 2. Nf3 f5 3. g3 Nf6 4. Bg2 Be7 5. O-O O-O 6. b3 d6 7. d4 a5 8. Nc3 Nc6 9. Re1 Ne4 10. Qc2 Nb4 11. Qb2 Qe8 12. a3 Nc6 13. Qc2 Nxc3 14. Qxc3 Bf6 15. Qd2 e5 16. dxe5 dxe5 17. Bb2 e4 18. Nd4 Ne5 19. Nb5 Qf7 20. Rad1 Be6 21.
Qc2 Rfd8 22. Bc3 Qe7 23. Nd4 c6 24. Bh3 g6 25. Nxe6 Qxe6 26. Qb2 Qe7 27. Rxd8+ Rxd8 28. Bxa5 Nf3+ 29. exf3 Bxb2 30. fxe4 Re8 31. Bb4 c5 32. Bd2 fxe4 33. Bg2 Qf6 34. Bxe4 Bd4 35. Bd5+ Kg7 36.
Rf1 Re2 37. Be1 h5 38. Kg2 Rxe1 0-1

[Event "*** Titled Tuesday Blitz"]
[Site "Chess.com"]
[Date "2021.04.06"]
[Round "11"]
[White "woodhy"]
[Black "Olkaa"]
[Result "1-0"]
[WhiteElo "2439"]
[BlackElo "2584"]
[TimeControl "180+1"]
[EndTime "12:06:23 PDT"]
[Termination "woodhy won by resignation"]

1. e4 c5 2. Nf3 Nc6 3. d4 cxd4 4. Nxd4 Qb6 5. Nb3 Nf6 6. Nc3 e6 7. Be3 Qc7 8. Be2 Bb4 9. Bf3 Ne5 10. Bd4 a6 11.
O-O Bd6 12. g3 Nxf3+ 13. Qxf3 e5 14. Be3 h6 15. Rfd1 b5 16. Rxd6 Qxd6 17. Rd1 Qc7 18. Bc5 Bb7 19. Bd6 Qb6 20. Bxe5 O-O 21.
Rd6 Qd8 22. Rxf6 Re8 23. Bd4 b4 24. Rxf7 Re7 25. Rxe7 Qxe7 26. Nd5 Bxd5 27. exd5 Rf8 28. Qg4 Rf7 29. Nc5 Qe1+ 30. Kg2 Qd2 31. Nxd7 h5 32. Qe6 Qxd4 33. Qe8+ Kh7 34. Qxf7 Qe4+ 35. Qf3 Qxc2 36. d6 1-0

[Event "*** Titled Tuesday Blitz"]
[Site "Chess.com"]
[Date "2021.04.06"]
[Round "11"]
[White "Matols"]
[Black "Yaryi_sergey"]
[Result "0-1"]
[WhiteElo "2307"]
[BlackElo "2512"]
[TimeControl "180+1"]
[EndTime "12:06:26 PDT"]
[Termination "Yaryi_sergey won on time"]

1. d4 Nf6 2. c4 g6 3. g3 d5 4.
cxd5 Nxd5 5. Nf3 Bg7 6. Bg2 O-O 7. Nc3 c5 8. e4 Nb6 9. d5 e6 10. O-O Bxc3 11. bxc3 exd5 12. exd5 Qxd5 13. Qe2 Nc6 14. Bh6 Bg4 15. Rad1 Qe6 16. Qc2 Bf5 17. Qc1 Qxa2 18. Qg5 f6 19. Qf4 Rfe8 20. Rfe1 Qf7 21. Nh4 Bc2 22. Rc1 g5 23. Qg4 Bg6 24. Nf5 Bxf5 25. Qxf5 Qg6 26. Bd5+ Kh8 27. Qxg6 hxg6 28. Bxc6 bxc6 29.
h4 gxh4 30. gxh4 Nd5 31. Bd2 c4 32. Kg2 a5 33. Kf3 a4 34. Rg1 Kh7 35. h5 g5 36.
Rg4 Nb6 37. Rd4 a3 38. Ra1 Red8 39. Rxd8 Rxd8 40. Be3 Nd5 41. Rxa3 Kh6 42. Bd4 Kxh5 43. Ra7 Re8 44. Ra6 Re6 45. Ra8 Kg6 46. Rg8+ Kf5 47.
Rf8 Re4 0-1

[Event "*** Titled Tuesday Blitz"]
[Site "Chess.com"]
[Date "2021.04.06"]
[Round "11"]
[White "FMOlexandrProhorov"]
[Black "I_Enchev"]
[Result "0-1"]
[WhiteElo "2225"]
[BlackElo "2507"]
[TimeControl "180+1"]
[EndTime "12:06:27 PDT"]
[Termination "I_Enchev won on time"]

1. Nf3 Nf6 2. d4 e6 3. Bf4 b6 4. e3 Bb7 5. h3 g6 6. Be2 Bg7 7.
O-O O-O 8. Nbd2 d6 9. c3 Nbd7 10. Bh2 Qe7 11. a4 a5 12. Nc4 Ne4 13. Nfd2 f5 14. Bf3 d5 15. Na3 e5 16. Nxe4 dxe4 17.
Be2 f4 18. exf4 exf4 19. f3 e3 20. Qb3+ Kh8 21. Nb5 c5 22. Nc7 Rac8 23. Nd5 Qf7 24. Bc4 cxd4 25. cxd4 Rxc4 26. Qxc4 Bxd5 27. Qc7 g5 28.
Kh1 h5 29. Rac1 h4 30. Qd6 Qe6 31. Qc7 Bxd4 32. Rfd1 Bxb2 33. Rc2 Bg7 34. Rcc1 Nc5 35. Rxc5 bxc5 36. Qxc5 e2 37. Re1 Rc8 38. Qxa5 Bc3 0-1

[Event "*** Titled Tuesday Blitz"]
[Site "Chess.com"]
[Date "2021.04.06"]
[Round "11"]
[White "Trickster_Pony"]
[Black "dpopadic"]
[Result "0-1"]
[WhiteElo "1575"]
[BlackElo "2284"]
[TimeControl "180+1"]
[EndTime "12:06:27 PDT"]
[Termination "dpopadic won on time"]

1. c4 Nf6 2. g3 g6 3. Bg2 Bg7 4. Nf3 O-O 5. O-O d6 6. d4 Nbd7 7. Nc3 e5 8. dxe5 dxe5 9. Nd2 Nc5 10. b4 Ne6 11. e4 c6 12. Bb2 Qc7 13. Nf3 Rd8 14.
Qe1 Nd4 15. Ne2 Nxf3+ 16. Bxf3 Bh3 17. Bg2 Bxg2 18. Kxg2 Nxe4 19. f4 Nd2 20. Rf2 Nxc4 21. Bc1 exf4 22. Bxf4 Qe7 23. Rc1 Ne3+ 24. Kh1 Nd5 25. Qf1 Re8 26. b5 Rac8 27. bxc6 bxc6 28. Ng1 Qe4+ 29. Rg2 Nxf4 30. gxf4 c5 31. Ne2 Bd4 32. Nxd4 cxd4 33. Rxc8 Rxc8 34. h4 Rc2 35. Kh2 d3 0-1

[Event "*** Titled Tuesday Blitz"]
[Site "Chess.com"]
[Date "2021.04.06"]
[Round "11"]
[White "lacafi"]
[Black "ajedrez1101"]
[Result "1-0"]
[WhiteElo "2206"]
[BlackElo "2111"]
[TimeControl "180+1"]
[EndTime "12:06:29 PDT"]
[Termination "lacafi won by resignation"]

1. d4 g6 2. Nf3 Bg7 3. c4 d6 4. Nc3 e5 5. dxe5 dxe5 6. Qxd8+ Kxd8 7. e4 f6 8. Be3 Be6 9. O-O-O+ Nd7 10. Be2 c6 11. Na4 b6 12. Rd2 Ke7 13. Rhd1 Bh6 14. Bxh6 Nxh6 15. h3 Nf7 16. b4 a5 17. b5 cxb5 18. cxb5 Rhc8+ 19. Kb2 Nc5 20. Nxb6 Rab8 21. Nxc8+ Rxc8 22. Rc2 Na4+ 23. Kc1 Nc3 24. Rdd2 Nxe4 25. Rxc8 Bxc8 26. Rc2 Kd8 27. Bd3 Nxf2 28. Rxf2 f5 29.
Bc4 Nd6 30. Rd2 Ke7 31. Nxe5 1-0

[Event "*** Titled Tuesday Blitz"]
[Site "Chess.com"]
[Date "2021.04.06"]
[Round "11"]
[White "gisela_roque"]
[Black "pfalcon1949"]
[Result "0-1"]
[WhiteElo "1750"]
[BlackElo "1982"]
[TimeControl "180+1"]
[EndTime "12:06:32 PDT"]
[Termination "pfalcon1949 won by resignation"]

1. c4 Nf6 2. Nf3 c5 3. Nc3 Nc6 4. g3 d6 5. Bg2 g6 6. O-O Bg7 7. Rb1 O-O 8. a3 a5 9. d3 Be6 10. Ne1 d5 11. cxd5 Nxd5 12. Bd2 Nxc3 13. bxc3 Rb8 14. c4 Qc7 15. Nc2 Rfd8 16. Ne3 Nd4 17. Nd5 Bxd5 18. Bxd5 e6 19. Bg2 b6 20.
Be3 Nf5 21. Bf4 e5 22. Bg5 f6 23.
Bd2 h5 24. Qc1 Nd4 25. Re1 a4 26. Bh6 Nb3 27. Qe3 Kh7 28. Bxg7 Kxg7 29. Rf1 Qd6 30.
f4 Qd4 31. Qxd4 exd4 32. f5 Nd2 33. fxg6 Kxg6 34. Bc6 Nxf1 35. Kxf1 Rd6 36. Bxa4 Ra8 37. Bb5 Rxa3 38. Kf2 Ra2 39. Rf1 Re6 40. Re1 Re3 41.
Kf1 Kg5 42. Bc6 h4 43. gxh4+ Kxh4 44. Bg2 f5 0-1

[Event "*** Titled Tuesday Blitz"]
[Site "Chess.com"]
[Date "2021.04.06"]
[Round "11"]
[White "nochewycandy"]
[Black "Grieve72"]
[Result "1-0"]
[WhiteElo "2618"]
[BlackElo "2509"]
[TimeControl "180+1"]
[EndTime "12:06:33 PDT"]
[Termination "nochewycandy won by resignation"]

1. c4 f5 2. g3 Nf6 3. Bg2 g6 4.
Nc3 Bg7 5. d3 O-O 6. e4 d6 7.
exf5 Bxf5 8. Bxb7 Nbd7 9. Bxa8 Qxa8 10. f3 Ne5 11. d4 Nd3+ 12. Kf1 Ng4 13. Nd5 Ndf2 14.
Qe1 Bd3+ 15. Kg2 Bxc4 16. Ne3 Bd5 17. Qe2 Bxd4 18. Nxd5 Qxd5 19. h3 Nxh1 20. hxg4 Bxg1 21. Kxh1 Rxf3 22. Kxg1 Rxg3+ 23. Kh2 Rd3 24. Bh6 e5 25.
Rf1 g5 1-0

[Event "*** Titled Tuesday Blitz"]
[Site "Chess.com"]
[Date "2021.04.06"]
[Round "11"]
[White "Kildepiotr"]
[Black "J36225"]
[Result "1-0"]
[WhiteElo "2642"]
[BlackElo "2438"]
[TimeControl "180+1"]
[EndTime "12:06:33 PDT"]
[Termination "Kildepiotr won by resignation"]

1. Nf3 Nf6 2. g3 g6 3. Bg2 Bg7 4. O-O O-O 5. d4 d6 6. Nbd2 c6 7.
e4 Nbd7 8. Qe2 e5 9. dxe5 dxe5 10. a4 Qc7 11. b3 Re8 12. Bb2 Nc5 13. Rfd1 Bg4 14. h3 Bxf3 15. Bxf3 Rad8 16. Nc4 Rxd1+ 17. Rxd1 Nfd7 18. Bg4 Nb6 19. Ba3 Bf8 20. Bb2 Bg7 21. Nxb6 axb6 22. b4 Ne6 23. c3 Qe7 24. h4 Rd8 25.
Rxd8+ Nxd8 26. Qc4 h5 27. Bd1 Ne6 28. Bc1 Qf6 29.
Be3 g5 30. hxg5 Nxg5 31. Bxh5 Qh6 32. Bxf7+ Kh8 33. Bxg5 Qxg5 34. Qe6 Qc1+ 35. Kg2 Qxc3 36. Qc8+ Kh7 37. Qh3+ Bh6 38. Qf5+ Kg7 39. Qg6+ Kf8 40.
Be6 1-0

[Event "*** Titled Tuesday Blitz"]
[Site "Chess.com"]
[Date "2021.04.06"]
[Round "11"]
[White "Forantes"]
[Black "Horizonevent"]
[Result "0-1"]
[WhiteElo "2362"]
[BlackElo "2497"]
[TimeControl "180+1"]
[EndTime "12:06:37 PDT"]
[Termination "Horizonevent won by resignation"]

1. Nf3 d5 2. g3 Nf6 3. Bg2 c5 4. O-O Nc6 5. d4 cxd4 6. Nxd4 e5 7. Nxc6 bxc6 8. c4 Be7 9. Nc3 d4 10. Ne4 O-O 11. Nxf6+ Bxf6 12. c5 Be6 13. b4 Bd5 14.
a4 Bxg2 15. Kxg2 Qd5+ 16. f3 a5 17. b5 cxb5 18. axb5 Rfb8 19. Ba3 Rxb5 20. Qa4 Qb3 21. Qxb3 Rxb3 22. Rfc1 Be7 23. Rc4 f6 24. f4 Kf7 25.
fxe5 fxe5 26. Bc1 Ke6 27. Bd2 Kd5 28. Rca4 Bxc5 29. Rxa5 Rxa5 30. Bxa5 Rb2 31. Kf1 e4 32. Be1 d3 33. exd3 exd3 34. Ra8 d2 35. Rd8+ Bd6 0-1

[Event "*** Titled Tuesday Blitz"]
[Site "Chess.com"]
[Date "2021.04.06"]
[Round "11"]
[White "2346PL"]
[Black "kidagent"]
[Result "1-0"]
[WhiteElo "2493"]
[BlackElo "2350"]
[TimeControl "180+1"]
[EndTime "12:06:37 PDT"]
[Termination "2346PL won on time"]

1. d4 d5 2. Nc3 Nf6 3. Bf4 a6 4.
e3 Bf5 5. f3 e6 6. g4 Bg6 7. h4 h5 8. g5 Nfd7 9. Bd3 Bxd3 10.
Qxd3 Bd6 11. Nge2 Qe7 12. e4 Bxf4 13. Nxf4 dxe4 14. fxe4 g6 15. O-O-O Nc6 16. d5 Nce5 17. Qe2 O-O-O 18. Qe3 Kb8 19. Rhf1 Qc5 20. Qg3 Rhe8 21. Nd3 Nxd3+ 22. Rxd3 exd5 23. Rxd5 Qc4 24. Rxf7 Nb6 25.
Rxd8+ Rxd8 26. Rf6 Qd4 27. b3 a5 28. a4 Rd7 29. e5 Re7 30. e6 Nc8 31. Rxg6 1-0

[Event "*** Titled Tuesday Blitz"]
[Site "Chess.com"]
[Date "2021.04.06"]
[Round "11"]
[White "Keks2017"]
[Black "Korchmar_Vasiliy"]
[Result "1-0"]
[WhiteElo "2573"]
[BlackElo "2653"]
[TimeControl "180+1"]
[EndTime "12:06:38 PDT"]
[Termination "Keks2017 won by checkmate"]

1. e4 c5 2. d3 Nc6 3. g3 g6 4. Bg2 Bg7 5. f4 e6 6. Nf3 Nge7 7. O-O O-O 8. c3 d5 9. Qe2 b6 10. Re1 Ba6 11. e5 Nf5 12. Nbd2 Rc8 13. Nf1 d4 14. c4 b5 15. b3 bxc4 16. bxc4 h5 17. Ng5 Qa5 18. Ne4 Rfd8 19. h3 Rd7 20. g4 hxg4 21. hxg4 Ne3 22. Nxe3 dxe3 23. Bxe3 Nd4 24. Qf2 Rcd8 25. Rab1 Qa3 26. Red1 Bb7 27. Bxd4 cxd4 28. Nf6+ Bxf6 29. exf6 Bxg2 30. Kxg2 e5 31. f5 Qc5 32. Qh4 Qc6+ 33. Kf2 e4 34. Rh1 e3+ 35. Ke1 Qxh1+ 36. Qxh1 Rb7 37. Rxb7 g5 38. Qh6 e2 39. Qg7# 1-0

[Event "*** Titled Tuesday Blitz"]
[Site "Chess.com"]
[Date "2021.04.06"]
[Round "11"]
[White "paulrusan"]
[Black "PowerThinking2650"]
[Result "1-0"]
[WhiteElo "2287"]
[BlackElo "2366"]
[TimeControl "180+1"]
[EndTime "12:06:39 PDT"]
[Termination "paulrusan won on time"]

1. e4 e5 2. Nf3 Nc6 3. Bc4 Nf6 4. d3 h6 5. O-O d6 6. h3 g6 7. c3 Bg7 8. a4 O-O 9. a5 a6 10. Nbd2 Kh7 11. Re1 d5 12. exd5 Nxd5 13. Ne4 Be6 14. Qb3 b5 15. axb6 cxb6 16. Rxa6 Rxa6 17.
Bxa6 Ndb4 18. Qa4 Nxa6 19. Qxa6 Kh8 20. Be3 f5 21. Bxb6 Qd5 22. Nc5 Bc8 23. Qc4 Qxc4 24.
dxc4 e4 25. Nxe4 fxe4 26. Rxe4 Bf5 27. Re1 1-0

[Event "*** Titled Tuesday Blitz"]
[Site "Chess.com"]
[Date "2021.04.06"]
[Round "11"]
[White "Valeron87"]
[Black "Tekushka"]
[Result "1-0"]
[WhiteElo "2302"]
[BlackElo "2381"]
[TimeControl "180+1"]
[EndTime "12:06:40 PDT"]
[Termination "Valeron87 won on time"]

1. e4 c5 2. Nf3 d6 3. d4 cxd4 4. Qxd4 Nc6 5. Bb5 a6 6. Bxc6+ bxc6 7. O-O e5 8. Qd3 h6 9. Nbd2 Be6 10. Nc4 Nf6 11.
Rd1 Bxc4 12. Qxc4 Qc7 13. b3 Be7 14. a4 O-O 15. Ba3 Rfd8 16. Qe2 Re8 17. Rd2 d5 18. Bxe7 Rxe7 19. exd5 cxd5 20. Re1 Ne4 21. Rd3 Rc8 22.
c4 dxc4 23. Re3 Nc5 24. Qxc4 e4 25. Nd2 Nd3 26. Rxe4 Nxe1 27. Rxe7 Qxe7 28. Qxc8+ Kh7 29. Qxa6 Qb4 30. Qe2 Nc2 31. Qd3+ 1-0

[Event "*** Titled Tuesday Blitz"]
[Site "Chess.com"]
[Date "2021.04.06"]
[Round "11"]
[White "aljado"]
[Black "Nachsueb"]
[Result "0-1"]
[WhiteElo "2103"]
[BlackElo "2185"]
[TimeControl "180+1"]
[EndTime "12:06:40 PDT"]
[Termination "Nachsueb won by resignation"]

1. e4 c5 2. Nf3 e6 3. d4 cxd4 4. Nxd4 Nc6 5. Nc3 Qc7 6. Be3 a6 7. a3 Nf6 8. g3 h5 9. Bg2 Be7 10. Qd2 Ng4 11. Nxc6 bxc6 12. O-O-O Nxe3 13. Qxe3 O-O 14. f4 d5 15. e5 c5 16. Qe2 Rb8 17. Qxh5 Qb6 18. b3 c4 19. Bxd5 Bxa3+ 20. Kb1 exd5 21. Nxd5 Qg6 22. Qxg6 fxg6 23. Ka2 Bc5 24. bxc4 Be6 25.
Rb1 Kf7 26. Rb3 Rfd8 27. Rhb1 Rxb3 28. cxb3 Bxd5 29. Rd1 Ke6 30. h4 Bf2 31. Rd3 Rd7 32.
g4 Bc6 33. f5+ gxf5 34. gxf5+ Kxe5 0-1

[Event "*** Titled Tuesday Blitz"]
[Site "Chess.com"]
[Date "2021.04.06"]
[Round "11"]
[White "Nf3c5"]
[Black "GM_Crest"]
[Result "0-1"]
[WhiteElo "2566"]
[BlackElo "2719"]
[TimeControl "180+1"]
[EndTime "12:06:41 PDT"]
[Termination "GM_Crest won by resignation"]

1. e4 e6 2. Qe2 c5 3. Nf3 Nc6 4.
g3 g6 5. d3 Bg7 6. Bg5 Qb6 7.
Nbd2 Qxb2 8. Nb3 Qa3 9. Rd1 d6 10. Bg2 Nge7 11. O-O O-O 12. c4 h6 13. Bc1 Qa4 14.
d4 cxd4 15. Nbxd4 Na5 16. e5 Nxc4 17. exd6 Nxd6 18. Ne5 Ndf5 19. Nb5 a6 20. Nd6 Nxd6 21. Rxd6 Nf5 22. Rd3 Qb5 23. Bb2 a5 24. Rfd1 Ra6 25.
Bf1 Qb6 26. Qd2 Qc5 27. Ng4 Qb4 28. Bxg7 Qxd2 29. R3xd2 Kxg7 30. Bxa6 bxa6 31. Rd8 Rxd8 32. Rxd8 Bb7 33. Ne5 Kf6 34. Nxf7 Bd5 35. Nd6 Ke7 36. Ra8 Bxa8 0-1

[Event "*** Titled Tuesday Blitz"]
[Site "Chess.com"]
[Date "2021.04.06"]
[Round "11"]
[White "NateSolon"]
[Black "Kobalia"]
[Result "0-1"]
[WhiteElo "2625"]
[BlackElo "2771"]
[TimeControl "180+1"]
[EndTime "12:06:41 PDT"]
[Termination "Kobalia won by resignation"]

1. d4 Nf6 2. c4 g6 3. g3 Bg7 4. Bg2 O-O 5. Nc3 d6 6. Nf3 Nc6 7. O-O a6 8. d5 Nb8 9. h3 Nbd7 10. e4 b5 11. Nd4 bxc4 12. Nc6 Qe8 13. Qe2 Nb6 14.
e5 Nfd7 15. e6 Nc5 16. exf7+ Rxf7 17. Bg5 Bd7 18. Nxe7+ Kh8 19. Rad1 Nd3 20. h4 Ne5 21. Nc6 Nxc6 22. Qxe8+ Rxe8 23. dxc6 Bf5 24. Nd5 Na4 25. b3 cxb3 26. axb3 Nc3 27. Nxc3 Bxc3 28. Bd5 Rff8 29.
Bh6 Bg7 30. Bxg7+ Kxg7 31. Ra1 Re5 32. Bg2 a5 33. Ra3 Rb8 34. Rfa1 Rbb5 35. Bf3 Bc2 36. Bd1 Re1+ 37. Kg2 Rxd1 0-1

[Event "*** Titled Tuesday Blitz"]
[Site "Chess.com"]
[Date "2021.04.06"]
[Round "11"]
[White "lucachess49"]
[Black "Chigorinetz"]
[Result "0-1"]
[WhiteElo "2418"]
[BlackElo "2530"]
[TimeControl "180+1"]
[EndTime "12:06:41 PDT"]
[Termination "Chigorinetz won by resignation"]

1. d4 d5 2. c4 Nc6 3. cxd5 Qxd5 4. Nf3 e5 5. Nc3 Bb4 6. dxe5 Qxd1+ 7. Kxd1 Bg4 8. a3 O-O-O+ 9. Kc2 Bc5 10. e3 Nge7 11. b4 Bb6 12. Bb2 Ng6 13. h3 Bxf3 14. gxf3 Ncxe5 15. Be2 c6 16. f4 Nd7 17. h4 Nf6 18.
h5 Ne7 19. h6 Rhg8 20. Rag1 g6 21. Na4 Ne4 22. Nxb6+ axb6 23. Rd1 Rxd1 24. Rxd1 Nxf2 25.
Rf1 Ne4 26. Bf3 Nd5 27. Re1 Re8 28. Be5 f5 29. Bxe4 fxe4 30. Kd2 Ne7 31. Rc1 b5 32.
Ke2 Nf5 33. Rd1 Rd8 34. Rg1 Rd3 35. Bd4 Rxa3 36. Rg5 Ra2+ 37. Ke1 Kd7 38. Rg1 Ke6 39. Kd1 0-1

[Event "*** Titled Tuesday Blitz"]
[Site "Chess.com"]
[Date "2021.04.06"]
[Round "11"]
[White "2Tilted"]
[Black "Mihnea2017"]
[Result "1-0"]
[WhiteElo "2356"]
[BlackElo "2432"]
[TimeControl "180+1"]
[EndTime "12:06:44 PDT"]
[Termination "2Tilted won by resignation"]

1. d4 Nf6 2. Nf3 e6 3. c4 d5 4. g3 dxc4 5. Bg2 a6 6. O-O Nc6 7.
a4 Rb8 8. b3 cxb3 9. Bb2 Bd6 10. Qxb3 O-O 11. Rc1 Qe7 12. Rxc6 bxc6 13. Qxb8 Bb4 14.
Ba3 c5 15. dxc5 Bxc5 16. Qb2 Rd8 17. Nc3 Bxa3 18. Qxa3 c5 19. h3 Qc7 20. Rd1 Rxd1+ 21.
Nxd1 Ne4 22. Nc3 Bb7 23. Nxe4 Bxe4 24. Qc3 h6 25. Nd2 Bg6 26. Ne4 c4 27. Nd2 Qd7 28. a5 Qa4 29. Bf3 h5 30. h4 Kh7 31. Qxc4 Qd1+ 32.
Nf1 Bf5 33. Be4 Kg6 34. Bxf5+ Kxf5 35. Qd3+ Qxd3 36. exd3 Ke5 37. Kg2 Kd4 38. Kf3 Kc5 39. Ke4 Kb5 40. Kd4 Kxa5 41. Kc4 Kb6 42. Nd2 Kc6 43.
Ne4 f6 44. f3 a5 45. g4 hxg4 46. fxg4 f5 47. gxf5 exf5 48. Ng5 f4 49. Nf3 Kd6 50.
d4 Ke6 51. Kc5 Kf5 52. d5 a4 53. Kb4 Ke4 54. d6 Kxf3 55. d7 Kg2 56. d8=Q f3 57. Qg5+ Kh2 58. Qxg7 f2 59. Qf6 Kg1 60. h5 1-0

[Event "*** Titled Tuesday Blitz"]
[Site "Chess.com"]
[Date "2021.04.06"]
[Round "11"]
[White "ChainsOfFantasia"]
[Black "GrigoriyM2001"]
[Result "1-0"]
[WhiteElo "2445"]
[BlackElo "2540"]
[TimeControl "180+1"]
[EndTime "12:06:45 PDT"]
[Termination "ChainsOfFantasia won by resignation"]

1. d4 Nf6 2. Nf3 e6 3. c4 b6 4. a3 Ba6 5. Qc2 c5 6. e4 Bb7 7. Nc3 cxd4 8. Nxd4 d6 9. Be2 Nbd7 10. O-O Be7 11.
Be3 O-O 12. Rad1 a6 13. f4 Qc7 14. Kh1 Rac8 15. Qb1 Qb8 16. Bd3 Rfd8 17. Nf3 e5 18.
Nd5 Nxd5 19. exd5 g6 20. f5 Nf8 21. fxg6 hxg6 22. Ng5 Bxg5 23. Bxg5 Rd7 24. Bf6 b5 25. Qc1 Nh7 26. Qh6 Nxf6 27. Rxf6 Qc7 28. Rdf1 bxc4 29.
Bxg6 fxg6 30. Rf8+ 1-0

[Event "*** Titled Tuesday Blitz"]
[Site "Chess.com"]
[Date "2021.04.06"]
[Round "11"]
[White "SergeyShtyka"]
[Black "queen_iryna"]
[Result "1-0"]
[WhiteElo "2407"]
[BlackElo "2319"]
[TimeControl "180+1"]
[EndTime "12:06:47 PDT"]
[Termination "SergeyShtyka won by resignation"]

1. e4 d6 2. d4 Nf6 3. Nc3 e5 4. Nf3 Nbd7 5. Bc4 Be7 6. Bxf7+ Kxf7 7. Ng5+ Kg8 8. Ne6 Qe8 9. Nxc7 Qg6 10. Nxa8 Qxg2 11.
Rf1 exd4 12. Qxd4 Ne5 13. f4 Nf3+ 14. Rxf3 Qxf3 15. Qc4+ d5 16. Qxc8+ Kf7 17. Qxb7 Qh1+ 18. Kd2 Qg2+ 19. Kd3 Qf1+ 20. Kd4 Qc4+ 21. Ke3 d4+ 22.
Kf3 dxc3 23. b3 Qf1+ 24. Ke3 Ng4+ 25. Kd4 Rd8+ 26. Kxc3 Kf8 27. Qxe7+ Kxe7 28. Ba3+ Ke8 29. Nc7+ Kd7 30. Rxf1 Kxc7 31. Rg1 h5 32. h3 Nf2 33. Rxg7+ Rd7 34. Rxd7+ Kxd7 35. Kd4 Nxh3 36. f5 Nf4 37. e5 h4 38. e6+ Ke8 39. Bd6 Ne2+ 40. Ke3 Ng1 41.
f6 h3 42. f7+ 1-0

[Event "*** Titled Tuesday Blitz"]
[Site "Chess.com"]
[Date "2021.04.06"]
[Round "11"]
[White "northridgehawk"]
[Black "Haykoooo0o"]
[Result "0-1"]
[WhiteElo "2300"]
[BlackElo "2467"]
[TimeControl "180+1"]
[EndTime "12:06:49 PDT"]
[Termination "Haykoooo0o won by resignation"]

1. e4 c5 2. Nf3 e6 3. d4 cxd4 4.
Nxd4 a6 5. c4 Nf6 6. Nc3 Qc7 7.
Be2 b6 8. O-O Bb7 9. Bf3 d6 10.
Bg5 Be7 11. Qe2 Nbd7 12. Rac1 O-O 13. Rfd1 Rac8 14. b3 Ne5 15. Be3 Nxf3+ 16. Qxf3 Rfd8 17. h3 Nd7 18. Qe2 Bf6 19. Na4 Nc5 20. Nxc5 dxc5 21.
Nf3 Bxe4 22. Rxd8+ Rxd8 23. Rd1 Bg6 24. Rxd8+ Qxd8 25. Qd2 Qxd2 26. Nxd2 Bd3 27. f3 Bc3 28. Kf2 Bxd2 29. Bxd2 Bb1 30. a3 Ba2 31. b4 cxb4 32.
Bxb4 Bxc4 33. Ke3 f6 34. h4 e5 35. Ke4 Kf7 36. f4 exf4 37. Kxf4 Ke6 38. g4 g6 39. Bf8 Kd5 40. Bg7 Ke6 41. Bf8 Bd3 42. Bb4 Kd5 43. Bc3 f5 44. gxf5 Bxf5 45. Bg7 Kc4 46. Bf8 a5 47. h5 b5 48. h6 b4 49.
axb4 axb4 50. Bg7 Kd3 51. Kg5 Kc2 52. Kf6 b3 53. Kf7 b2 54. Bxb2 Kxb2 55. Kf6 Kc3 56. Kg7 g5 57. Kf6 Bg6 58. Kxg5 Kd4 59. Kf6 Ke4 60.
Kg7 Kf4 61. Kh8 Kg5 62. Kg7 Kh5 63. Kf6 Kxh6 64. Ke5 Kg5 65. Kd4 Kg4 66. Ke3 Kg3 67. Ke2 Kg2 68. Ke3 h5 69. Kf4 h4 70. Kg5 h3 71. Kh4 h2 72. Kg4 0-1

[Event "*** Titled Tuesday Blitz"]
[Site "Chess.com"]
[Date "2021.04.06"]
[Round "11"]
[White "MaxLeto"]
[Black "chesslh19"]
[Result "1-0"]
[WhiteElo "2342"]
[BlackElo "2235"]
[TimeControl "180+1"]
[EndTime "12:06:49 PDT"]
[Termination "MaxLeto won by resignation"]

1. g4 e5 2. Bg2 d5 3. d4 exd4 4.
Qxd4 c6 5. Nc3 Nd7 6. Nf3 Qb6 7. O-O Qxd4 8. Nxd4 Bd6 9. Nf5 Bf8 10. Bf4 Ndf6 11. e4 Nxg4 12. Nd6+ Bxd6 13. Bxd6 Be6 14. exd5 cxd5 15.
Rad1 O-O-O 16. Bg3 N4f6 17. Nb5 Ne7 18. Nxa7+ Kd7 19.
c4 Ke8 20. Nb5 dxc4 21. Nc7+ Kf8 22. Rxd8+ 1-0

[Event "*** Titled Tuesday Blitz"]
[Site "Chess.com"]
[Date "2021.04.06"]
[Round "11"]
[White "Aygehovit1992"]
[Black "Gerodot71"]
[Result "1/2-1/2"]
[WhiteElo "2649"]
[BlackElo "2553"]
[TimeControl "180+1"]
[EndTime "12:06:50 PDT"]
[Termination "Game drawn by repetition"]

1. b3 d5 2. Bb2 Bg4 3. h3 Bh5 4. g4 Bg6 5. Bg2 e6 6. e3 Nd7 7.
Ne2 Bd6 8. d3 c6 9. Nd2 Ngf6 10.
Nf4 Bxf4 11. exf4 Qc7 12. Qf3 O-O-O 13. O-O-O h5 14. Kb1 a5 15. g5 Ne8 16. Qe3 Nd6 17. Nf3 Nf5 18. Qd2 b6 19. Ne5 Nxe5 20. fxe5 Kb7 21.
h4 Ra8 22. a4 Rad8 23. f4 Rd7 24. Qf2 Kb8 25. Rhe1 Rc8 26. Kc1 Qb7 27. Kd2 Qc7 28.
Ke2 c5 29. Kf1 Ka7 30. Kg1 d4 31. Bc1 Ne7 32. Bd2 Nd5 33. Rf1 Bf5 34. Be4 Ne7 35.
Kh2 Rcd8 36. Bh1 Nd5 37. Rde1 Nb4 38. Bc1 Nd5 39. Bf3 g6 40. Bg2 Nc3 41. Kg3 Nd5 42.
Bh1 Nc3 43. Bd2 Nd5 44. Qg2 Nb4 45. Bxb4 cxb4 46. Re2 Qc5 47. Rff2 Rc7 48. Rd2 Qc3 49.
Qf1 Rdc8 50. Qg2 Rd8 51. Qf3 Bg4 52. Qe4 Bf5 53. Qg2 Rdc8 54. Qf3 Bg4 55. Qg2 Bf5 56. Qf3 Bg4 57. Qg2 Bf5 1/2-1/2

[Event "*** Titled Tuesday Blitz"]
[Site "Chess.com"]
[Date "2021.04.06"]
[Round "11"]
[White "ChessAurochs"]
[Black "SilviusTiberius"]
[Result "0-1"]
[WhiteElo "2529"]
[BlackElo "2627"]
[TimeControl "180+1"]
[EndTime "12:06:50 PDT"]
[Termination "SilviusTiberius won by resignation"]

1. e4 e5 2. Nf3 Nc6 3. Bc4 Bc5 4. O-O Nf6 5. d3 d6 6. c3 a5 7.
Bb3 Ba7 8. a4 O-O 9. Na3 Ne7 10.
Nc2 Ng6 11. Be3 Bb8 12. Na3 c6 13. h3 Nh5 14. d4 Qe7 15. Nc4 Bc7 16. dxe5 dxe5 17.
Nfxe5 Nxe5 18. Qxh5 Nxc4 19. Bxc4 Qxe4 20. b3 g6 21. Qe2 Qe5 22. f4 Qxc3 23. Qf2 Re8 24. Bd4 Qb4 25. Rae1 Bf5 26. g4 Be4 27. f5 g5 28. h4 Rad8 29. Bc5 Qc3 30. hxg5 Qh3 31. Rxe4 Rxe4 32. Bxf7+ Kxf7 33. g6+ Kg8 34. gxh7+ Kxh7 0-1

[Event "*** Titled Tuesday Blitz"]
[Site "Chess.com"]
[Date "2021.04.06"]
[Round "11"]
[White "TheCount"]
[Black "anon102030"]
[Result "0-1"]
[WhiteElo "2616"]
[BlackElo "2747"]
[TimeControl "180+1"]
[EndTime "12:06:51 PDT"]
[Termination "anon102030 won on time"]

1. d4 Nf6 2. c4 e5 3. dxe5 Ng4 4.
Bf4 Nc6 5. Nf3 Bb4+ 6. Nc3 Bxc3+ 7. bxc3 Qe7 8. Qd5 Qa3 9. Qd2 Qe7 10. Qd5 Qa3 11. Rc1 f6 12. exf6 Nxf6 13. Qd2 d6 14. Qe3+ Kd8 15. Nd4 Re8 16. Nxc6+ bxc6 17. Qd3 Rb8 18. g3 Rb2 19. e3 Ne4 20. Be2 h6 21.
O-O Rd2 22. Qb1 Rxe2 23. Rcd1 g5 24. Rd4 Bf5 0-1